[Event "*** SCC Grand Prix: Titled Tuesday Blitz"]
[Site "Chess.com"]
[Date "2020.06.02"]
[Round "1"]
[White "NFChess13"]
[Black "praveenb2002"]
[Result "0-1"]
[WhiteElo "2381"]
[BlackElo "2742"]
[TimeControl "180+1"]
[EndTime "10:06:37 PDT"]
[Termination "praveenb2002 won by resignation"]

1. e4 c6 2. d4 d5 3. Nc3 dxe4 4. Nxe4 Bf5 5. Ng3 Bg6 6. h4 h6 7. Nh3 e6 8. Nf4 Bh7 9. Bc4 Nf6 10. O-O Bd6 11.
Ngh5 O-O 12. Re1 Re8 13. Qf3 Nbd7 14. c3 Nxh5 15. Nxh5 Qxh4 16. g3 Qd8 17. Qg4 Bg6 18. Bxh6 gxh6 19. Bxe6 Nf8 20. Bxf7+ Kxf7 21. Qf3+ Kg8 22.
Nf6+ Kg7 23. Nxe8+ Bxe8 24. Qg4+ Bg6 25. Re3 Qg5 26. Qe2 Bh5 27. Qc4 Re8 28. Rae1 Rxe3 29. Rxe3 Bf7 30. Qe2 h5 31. c4 h4 32. b3 hxg3 33.
fxg3 Bxg3 34. Qg2 Qxe3+ 0-1

[Event "*** SCC Grand Prix: Titled Tuesday Blitz"]
[Site "Chess.com"]
[Date "2020.06.02"]
[Round "1"]
[White "SantoBlue"]
[Black "JulAnt"]
[Result "1-0"]
[WhiteElo "2788"]
[BlackElo "2399"]
[TimeControl "180+1"]
[EndTime "10:06:38 PDT"]
[Termination "SantoBlue won by resignation"]

1. e4 c5 2. Nc3 e6 3. Nf3 d6 4. d4 cxd4 5. Nxd4 Nf6 6. g3 Nc6 7.
Bg2 Be7 8. Nxc6 bxc6 9. e5 Nd5 10.
exd6 Qxd6 11. O-O O-O 12. Ne4 Qc7 13. c4 Nb6 14. b3 Bb7 15. Bb2 f5 16. Nd2 Bf6 17.
Bxf6 Rxf6 18. Qe2 Rd8 19. Nf3 c5 20. Rad1 Re8 21. Ne5 Bxg2 22. Kxg2 f4 23. Qe4 Ref8 24. Rd3 Rf5 25. Nf3 Qe7 26. g4 R5f6 27. Re1 h6 28. h3 Nc8 29. Red1 Nb6 30. Ne5 Qe8 31. f3 h5 32. g5 Rf5 33. h4 Qe7 34. Ng6 1-0

[Event "*** SCC Grand Prix: Titled Tuesday Blitz"]
[Site "Chess.com"]
[Date "2020.06.02"]
[Round "1"]
[White "Iljushin_Alexey"]
[Black "MariaFominykh"]
[Result "1-0"]
[WhiteElo "2657"]
[BlackElo "2320"]
[TimeControl "180+1"]
[EndTime "10:06:38 PDT"]
[Termination "Iljushin_Alexey won on time"]

1. d4 Nf6 2. c4 g6 3. Nc3 Bg7 4. Nf3 O-O 5. Bf4 d6 6. e3 Nbd7 7. h3 b6 8. Be2 Bb7 9. O-O Re8 10.
Bh2 Ne4 11. Rc1 Nxc3 12. Rxc3 e5 13. Rc1 a5 14. b3 Qe7 15. Re1 h6 16. d5 f5 17. a3 g5 18. Nd2 e4 19. b4 Bb2 20.
Rb1 Bxa3 21. bxa5 Rxa5 22. Nb3 Raa8 23. Nd4 Bc5 24. Nxf5 Qf6 25. Nd4 Rf8 26. Rf1 Bxd4 27. exd4 Rf7 28. Qd2 Raf8 29. Bg4 Kh8 30. Rfe1 Ba6 31.
Rbc1 Nb8 32. Bg3 Qg6 33. Be6 Rf6 34. Qe3 Rxe6 35. dxe6 Qxe6 36. Qxe4 Qxe4 37. Rxe4 Nc6 38. d5 Na5 39. Re7 Bxc4 40. Rxc7 Bxd5 41. Bxd6 Rf7 42. Rxf7 Bxf7 43. Bc7 Nc4 44. Rb1 Kg7 45. Bxb6 Nd2 46. Bd4+ Kg6 47. Rb6+ 1-0

[Event "*** SCC Grand Prix: Titled Tuesday Blitz"]
[Site "Chess.com"]
[Date "2020.06.02"]
[Round "1"]
[White "AlexZambrano"]
[Black "vinniethepooh"]
[Result "0-1"]
[WhiteElo "2237"]
[BlackElo "2576"]
[TimeControl "180+1"]
[EndTime "10:06:38 PDT"]
[Termination "vinniethepooh won on time"]

1. Nf3 d5 2. g3 c6 3. d4 Bg4 4. Bg2 Nd7 5. O-O Ngf6 6. c4 e6 7. Nc3 h6 8. cxd5 exd5 9. Bf4 Be7 10. h3 Bf5 11. Rc1 O-O 12. a3 Re8 13. Na4 Ne4 14. b4 Bd6 15. Bxd6 Nxd6 16. Nc5 a5 17. Nxd7 Qxd7 18.
Ne5 Qe6 19. g4 Be4 20. e3 axb4 21. axb4 Ra2 22. Bxe4 Nxe4 23. Ra1 Rea8 24. Rxa2 Rxa2 25. Qb3 Rd2 26. Nf3 Re2 27. Qd3 Ra2 28. Qb3 Ra8 29. Kg2 f5 0-1

[Event "*** SCC Grand Prix: Titled Tuesday Blitz"]
[Site "Chess.com"]
[Date "2020.06.02"]
[Round "1"]
[White "Azatic"]
[Black "SergeyKarjakin"]
[Result "0-1"]
[WhiteElo "2438"]
[BlackElo "2930"]
[TimeControl "180+1"]
[EndTime "10:06:39 PDT"]
[Termination "SergeyKarjakin won by resignation"]

1. e4 e5 2. Nf3 Nc6 3. Bb5 a6 4.
Ba4 Nge7 5. O-O g6 6. c3 Bg7 7. d4 b5 8. Bb3 exd4 9. cxd4 O-O 10. Nc3 d6 11. h3 Na5 12. Bc2 c5 13. dxc5 dxc5 14.
e5 Bb7 15. Qe2 Nac6 16. Bg5 h6 17. Rad1 Qc7 18. Bf6 Rad8 19. Ne4 Nb4 20. Bb1 Bxe4 21. Qxe4 Bxf6 22. exf6 Ned5 23. Qh4 Qf4 24. a3 Qxh4 25. Nxh4 Nc6 26. Be4 Nd4 27. Bxd5 Rxd5 28. Rfe1 Rfd8 29. Kf1 g5 30. Nf3 Nxf3 31. Rxd5 Rxd5 32. Re8+ Kh7 33. gxf3 Kg6 34. Ra8 Rd6 35. Rc8 c4 36. Ke2 Re6+ 37.
Kd2 Rxf6 38. Ke3 Rd6 39. Rg8+ Kh5 40. Ra8 Kh4 41. f4 Re6+ 42. Kf3 Rf6 0-1

[Event "*** SCC Grand Prix: Titled Tuesday Blitz"]
[Site "Chess.com"]
[Date "2020.06.02"]
[Round "1"]
[White "ajian"]
[Black "LittlePeasant"]
[Result "0-1"]
[WhiteElo "2398"]
[BlackElo "2782"]
[TimeControl "180+1"]
[EndTime "10:06:39 PDT"]
[Termination "LittlePeasant won by resignation"]

1. d4 Nf6 2. c4 c5 3. d5 b5 4. cxb5 a6 5. bxa6 Bxa6 6. Nc3 g6 7. g3 d6 8. Bg2 Bg7 9. Nf3 Nbd7 10. O-O Nb6 11. Nh4 O-O 12. Rb1 Qd7 13. b3 Bb7 14.
Re1 Ng4 15. Bb2 Bxc3 16. Bxc3 Rxa2 17. b4 c4 18. Qd4 Ne5 19. Qxb6 Rfa8 20. Qd4 Rc2 21.
f4 Ra3 22. Bb2 Rb3 23. fxe5 dxe5 24. Qxe5 f6 25. Qd4 Qd6 26. Ba1 Qxb4 27. Rxb3 Qxe1+ 28. Bf1 cxb3 29. d6 Rc1 30. Qf4 Rxa1 31. dxe7 Qxf1+ 32.
Qxf1 Rxf1+ 33. Kxf1 Kf7 34. Nf3 Bxf3 35. exf3 b2 0-1

[Event "*** SCC Grand Prix: Titled Tuesday Blitz"]
[Site "Chess.com"]
[Date "2020.06.02"]
[Round "1"]
[White "saisree"]
[Black "superchess02"]
[Result "0-1"]
[WhiteElo "2354"]
[BlackElo "2710"]
[TimeControl "180+1"]
[EndTime "10:06:39 PDT"]
[Termination "superchess02 won by checkmate"]

1. e4 e5 2. Nf3 Nc6 3. Bc4 Bc5 4. c3 Nf6 5. d3 h6 6. O-O d6 7. h3 a6 8. Bb3 Ba7 9. Nbd2 g5 10. Nc4 g4 11. hxg4 Nxg4 12. d4 Qf6 13. dxe5 dxe5 14. Ne3 Rg8 15. Nd5 Qg6 16. Nxc7+ Kf8 17. Ne1 Qh5 18.
Nf3 Nxf2 19. Rxf2 Rxg2+ 20. Kxg2 Qh3+ 21. Kg1 Qg3+ 22. Kh1 Bxf2 23. Qd6+ Kg8 24. Bxh6 Qxf3+ 25. Kh2 Qg3+ 26. Kh1 Qh3# 0-1

[Event "*** SCC Grand Prix: Titled Tuesday Blitz"]
[Site "Chess.com"]
[Date "2020.06.02"]
[Round "1"]
[White "Efremov_Vlad"]
[Black "MilosJi"]
[Result "0-1"]
[WhiteElo "2163"]
[BlackElo "2526"]
[TimeControl "180+1"]
[EndTime "10:06:40 PDT"]
[Termination "MilosJi won on time"]

1. d4 d5 2. c4 e6 3. Nf3 Nf6 4. Nc3 Nbd7 5. cxd5 exd5 6. Bg5 Bb4 7. e3 c5 8. Be2 Qa5 9. O-O c4 10. Rc1 O-O 11. Ne5 Re8 12. Nxd7 Nxd7 13. Bf3 Nb6 14.
Ne2 Bf5 15. Ng3 Bd3 16. Be2 Bg6 17. h4 h6 18. Bf4 Qxa2 19. h5 Bh7 20. Bg4 Qxb2 21. Nf5 Bf8 22. Qf3 Bxf5 23. Bxf5 Qb4 24. Qg3 Kh8 25. Rb1 Qe7 26. Rfc1 Rac8 27. Rb2 Rc6 28. Rd2 c3 29. Rdc2 Na4 30. e4 dxe4 31.
Qe3 Rf6 32. Bg4 b5 33. Be5 b4 34. Qxe4 b3 35. Rxc3 Nxc3 36. Rxc3 Rb6 37. Qb1 b2 38. Rc2 Qa3 0-1

[Event "*** SCC Grand Prix: Titled Tuesday Blitz"]
[Site "Chess.com"]
[Date "2020.06.02"]
[Round "1"]
[White "51616516516"]
[Black "fodorpoti"]
[Result "0-1"]
[WhiteElo "2383"]
[BlackElo "2755"]
[TimeControl "180+1"]
[EndTime "10:06:42 PDT"]
[Termination "fodorpoti won on time"]

1. d4 d5 2. c4 e6 3. Nc3 c6 4.
e4 dxe4 5. Nxe4 Bb4+ 6. Bd2 Qxd4 7. Bxb4 Qxe4+ 8. Be2 Na6 9. Ba5 b6 10. Qd6 Bd7 11. Rd1 O-O-O 12. Bc3 Nf6 13. Kf1 Nc5 14.
Nf3 Nb7 15. Qa3 Kb8 16. Ne5 Bc8 17. Re1 Bd7 18. Bf3 Qh4 19. Bxc6 Bxc6 20. Nxc6+ Kc7 21. Be5+ Nd6 22. Nxd8 Qxc4+ 23. Re2 Rxd8 24. Qxa7+ Kc6 25. g3 Nfe4 26. Kg2 Qxe2 27. Rc1+ Nc5 28. Qa4+ Kb7 29. Bxd6 Rxd6 30. Qb4 Qe4+ 0-1

[Event "*** SCC Grand Prix: Titled Tuesday Blitz"]
[Site "Chess.com"]
[Date "2020.06.02"]
[Round "1"]
[White "Forking_U"]
[Black "ShapkinAnatoliy"]
[Result "0-1"]
[WhiteElo "2206"]
[BlackElo "2557"]
[TimeControl "180+1"]
[EndTime "10:06:42 PDT"]
[Termination "ShapkinAnatoliy won on time"]

1. e4 e5 2. Nf3 Nc6 3. d4 exd4 4.
Nxd4 Nf6 5. Nxc6 bxc6 6. e5 Qe7 7. Qe2 Nd5 8. c4 Ba6 9. b3 g6 10. f4 g5 11. f5 O-O-O 12. f6 Qb4+ 13. Bd2 Qc5 14.
Qf2 Nb4 15. Qxc5 Bxc5 16. Kd1 Bd4 17. Bc3 c5 18. Bxd4 cxd4 19. c5 Rhe8 20. a3 Bxf1 21. axb4 Bxg2 22. Rg1 Bf3+ 23. Kc2 Rxe5 24. Nd2 Bb7 25.
Rxa7 h6 26. Raa1 Rde8 27. Raf1 Re3 28. Rg3 Ba6 0-1

[Event "*** SCC Grand Prix: Titled Tuesday Blitz"]
[Site "Chess.com"]
[Date "2020.06.02"]
[Round "1"]
[White "Biranidun"]
[Black "Enriquack"]
[Result "1-0"]
[WhiteElo "2702"]
[BlackElo "2349"]
[TimeControl "180+1"]
[EndTime "10:06:43 PDT"]
[Termination "Biranidun won by resignation"]

1. e4 c5 2. Nf3 e6 3. d4 cxd4 4. Nxd4 Nc6 5. Nc3 Qc7 6. Be3 a6 7. Qd2 Nf6 8. O-O-O Be7 9. f4 d6 10. Be2 Nxd4 11. Qxd4 e5 12. fxe5 dxe5 13. Qa4+ Bd7 14. Rxd7 Nxd7 15. Nd5 Qd6 16. Rd1 Rd8 17. Bb6 Bg5+ 18. Kb1 O-O 19. Bxd8 Rxd8 20. g3 Nc5 21. Qb4 b5 22. h4 Bh6 23. Ne3 Bxe3 24. Rxd6 Rxd6 25.
a4 g6 26. axb5 axb5 27. Bxb5 Rd1+ 28. Ka2 Rg1 29. Qc3 Rxg3 30. Qxe5 Rg1 31. Bc4 h5 32.
Qe8+ 1-0

[Event "*** SCC Grand Prix: Titled Tuesday Blitz"]
[Site "Chess.com"]
[Date "2020.06.02"]
[Round "1"]
[White "imdarealist"]
[Black "AlexOstrovskiy"]
[Result "1-0"]
[WhiteElo "2242"]
[BlackElo "2551"]
[TimeControl "180+1"]
[EndTime "10:06:43 PDT"]
[Termination "imdarealist won on time"]

1. d4 d5 2. Bf4 c5 3. e3 cxd4 4. exd4 Nc6 5. c3 Bf5 6. Nd2 e6 7. Qb3 Qd7 8. Ngf3 f6 9. Be2 g5 10. Bg3 h5 11. h4 g4 12. Nh2 Nh6 13. f3 gxf3 14. Nhxf3 Ng4 15. O-O-O Ne3 16. Rdg1 O-O-O 17. Bf4 Ng4 18. Rf1 Bd6 19. Ne1 Bxf4 20. Rxf4 Rhg8 21. Bd3 Bxd3 22. Nxd3 e5 23. Nc5 Qe7 24. Re1 Rge8 25. Rff1 Kb8 26. Nf3 1-0

[Event "*** SCC Grand Prix: Titled Tuesday Blitz"]
[Site "Chess.com"]
[Date "2020.06.02"]
[Round "1"]
[White "ajdemipopushi"]
[Black "seorobert1971"]
[Result "0-1"]
[WhiteElo "2306"]
[BlackElo "2642"]
[TimeControl "180+1"]
[EndTime "10:06:44 PDT"]
[Termination "seorobert1971 won on time"]

1. Nf3 Nf6 2. g3 e6 3. c4 d5 4. Bg2 Be7 5. O-O O-O 6. d4 c6 7. Qc2 b6 8. b3 Bb7 9. Nc3 Nbd7 10. e4 dxe4 11. Nxe4 c5 12. Nxf6+ Bxf6 13. Bb2 Rb8 14. Rfd1 Bxf3 15. Bxf3 cxd4 16. Bxd4 Bxd4 17. Rxd4 Qc7 18. Rad1 Nf6 19. Qd2 h6 20. h4 a5 21. Kg2 Qc5 22. g4 e5 23. Rd6 e4 24. Be2 Rfe8 25.
Qd4 Qxd4 26. R1xd4 e3 27. f3 Nh7 28. f4 Nf6 29. g5 hxg5 30. hxg5 Ne4 31. Kf3 Nd2+ 32. Kg4 Nb1 33. Kf3 Nc3 34. Rd3 Nxa2 35. Rxe3 Rxe3+ 36. Kxe3 Nb4 37. f5 Kf8 38. Bf3 Ke7 39. Rd2 Rh8 40.
Kf4 Rh4+ 0-1

[Event "*** SCC Grand Prix: Titled Tuesday Blitz"]
[Site "Chess.com"]
[Date "2020.06.02"]
[Round "1"]
[White "GothamChess"]
[Black "PowerThinking2650"]
[Result "1-0"]
[WhiteElo "2593"]
[BlackElo "2254"]
[TimeControl "180+1"]
[EndTime "10:06:44 PDT"]
[Termination "GothamChess won on time"]

1. e4 e5 2. Nc3 Nf6 3. f4 d5 4.
fxe5 Nxe4 5. Qf3 Nc6 6. Bb5 Nxc3 7. dxc3 Qh4+ 8. g3 Qe4+ 9. Be3 Qxf3 10. Nxf3 Bh3 11. Ng5 Bg4 12. Rf1 Bh5 13. g4 Bg6 14.
O-O-O a6 15. Ba4 h6 16. Nh3 O-O-O 17. Bxc6 bxc6 18. Nf4 Be4 19. Nh5 Re8 20. Bf4 Bg2 21. Rg1 Bf3 22. Rde1 Rg8 23. h3 Be7 24. Ng3 Bh4 25. Re3 Bxg3 26. Bxg3 Be4 27. c4 Re7 28. Rge1 Rge8 29. Ra3 Kb7 30. Ree3 Ra8 31. Kd2 Kc8 32. Ra5 1-0

[Event "*** SCC Grand Prix: Titled Tuesday Blitz"]
[Site "Chess.com"]
[Date "2020.06.02"]
[Round "1"]
[White "AniJak"]
[Black "Titus369"]
[Result "0-1"]
[WhiteElo "2248"]
[BlackElo "2590"]
[TimeControl "180+1"]
[EndTime "10:06:44 PDT"]
[Termination "Titus369 won on time"]

1. e4 c5 2. Nc3 Nc6 3. g3 g6 4. Bg2 Bg7 5. d3 e6 6. Be3 d6 7. Qd2 Nge7 8. Bh6 O-O 9. Bxg7 Kxg7 10. h4 h5 11. Nh3 d5 12. exd5 exd5 13. O-O Bf5 14.
Rfe1 Nd4 15. Nf4 Qd7 16. Ncxd5 Nxd5 17. Nxd5 Bh3 18. Re7 Qf5 19. Qf4 Bxg2 20. Qxf5 Nxf5 21. Kxg2 Nxe7 22. Nxe7 Rad8 23. c4 Rxd3 24. Nd5 Re8 25. Kf1 Rd2 26. Nf4 Rxb2 27. Rd1 Re7 28. a3 Ra2 29. Rd3 a6 30. Rb3 Rd7 31. Kg2 Rdd2 32. Nd3 b5 0-1

[Event "*** SCC Grand Prix: Titled Tuesday Blitz"]
[Site "Chess.com"]
[Date "2020.06.02"]
[Round "1"]
[White "bascheyaro"]
[Black "ErikRonka"]
[Result "1-0"]
[WhiteElo "2743"]
[BlackElo "2381"]
[TimeControl "180+1"]
[EndTime "10:06:45 PDT"]
[Termination "bascheyaro won by checkmate"]

1. d4 d5 2. Nf3 Nf6 3. c4 c6 4.
Nc3 e6 5. Bg5 dxc4 6. e3 b5 7. Ne5 Bb7 8. Be2 Be7 9. Bf3 a6 10. a4 Qb6 11. O-O O-O 12. b3 cxb3 13. Qxb3 h6 14. Bh4 Re8 15. Rfb1 Nbd7 16. Nxd7 Nxd7 17.
Bxe7 Rxe7 18. axb5 cxb5 19. Nxb5 Bxf3 20. gxf3 Rb8 21. Qa3 Ree8 22. Nc3 Qc7 23. Ne4 f5 24. Rc1 Qb6 25. Nd6 Rf8 26. Qxa6 Qd8 27. f4 Rb6 28. Qa3 g5 29. Nc4 Rb8 30. fxg5 hxg5 31. Ne5 Nxe5 32.
dxe5 f4 33. e4 Qd4 34. Qe7 Rbe8 35. Qxg5+ Kh7 36. Rc7+ Kh8 37. Qg7# 1-0

[Event "*** SCC Grand Prix: Titled Tuesday Blitz"]
[Site "Chess.com"]
[Date "2020.06.02"]
[Round "1"]
[White "WPWPWP-2015"]
[Black "BakaPG"]
[Result "0-1"]
[WhiteElo "2337"]
[BlackElo "2682"]
[TimeControl "180+1"]
[EndTime "10:06:45 PDT"]
[Termination "BakaPG won by resignation"]

1. e4 e6 2. d4 d5 3. Nc3 Nf6 4. Bg5 Be7 5. Bd3 c5 6. Nf3 c4 7.
Be2 O-O 8. e5 Nfd7 9. h4 Nc6 10.
Qd2 f6 11. exf6 Nxf6 12. O-O-O Bb4 13. a3 Bxc3 14. Qxc3 b5 15. Ne5 Bd7 16. h5 h6 17.
Bxh6 Ne4 18. Nxc6 Nxc3 19. Nxd8 Nxe2+ 20. Kd2 gxh6 21. Nb7 Rxf2 22. Ke3 Raf8 23. Rd2 Ng3 24. Rxf2 Nxh1 25. Rxf8+ Kxf8 26. Kf3 e5 27. dxe5 d4 28. Na5 Kf7 29. Ke4 d3 30. cxd3 Nf2+ 31. Ke3 Nxd3 32.
b3 Nxe5 33. Kd4 Nc6+ 34. Nxc6 Bxc6 35. bxc4 bxc4 36. Kxc4 Bxg2 37. Kb5 Bf1+ 38. Kc6 Kf6 39. Kb7 a6 0-1

[Event "*** SCC Grand Prix: Titled Tuesday Blitz"]
[Site "Chess.com"]
[Date "2020.06.02"]
[Round "1"]
[White "bulletteemo"]
[Black "Sjakkerntobi"]
[Result "1-0"]
[WhiteElo "2610"]
[BlackElo "2276"]
[TimeControl "180+1"]
[EndTime "10:06:45 PDT"]
[Termination "bulletteemo won by resignation"]

1. e4 e6 2. d4 d5 3. e5 c5 4. c3 Qb6 5. Nf3 Nc6 6. a3 Nh6 7.
b4 cxd4 8. cxd4 Nf5 9. Be3 Bd7 10. Bd3 Be7 11. O-O O-O 12. Nc3 Rfc8 13. Bxf5 exf5 14.
Nxd5 Qd8 15. Nxe7+ Nxe7 16. Bg5 Bc6 17. d5 Bb5 18. Re1 h6 19. Bxe7 Qxe7 20. a4 Bc4 21. b5 Rd8 22. d6 Qd7 23. Qd4 Be6 24. Rac1 Rdc8 25. h3 b6 26. Qb4 Rxc1 27. Rxc1 Rc8 28. Qa3 g5 29. Nd4 f4 30. Nc6 Kg7 31. a5 f3 32.
Qxf3 bxa5 33. Ra1 a6 34. Ne7 Rc5 35. bxa6 Rxe5 36. a7 Qxa7 37. Nc6 Qc5 38. Nxe5 Qxe5 39. Rd1 Bd7 40. Qb7 Qe6 41. Qd5 Qe2 42. Rd2 Qe1+ 43. Kh2 a4 44. Qd4+ Kg8 45. Rb2 Qe8 46. Rb7 a3 47.
Ra7 g4 48. hxg4 h5 49. gxh5 f6 50. Rxa3 Qxh5+ 51. Kg1 Qg5 52. Rg3 1-0

[Event "*** SCC Grand Prix: Titled Tuesday Blitz"]
[Site "Chess.com"]
[Date "2020.06.02"]
[Round "1"]
[White "Semetey"]
[Black "Kapibara_Warri0r"]
[Result "1-0"]
[WhiteElo "2518"]
[BlackElo "2135"]
[TimeControl "180+1"]
[EndTime "10:06:45 PDT"]
[Termination "Semetey won on time"]

1. d4 Nf6 2. Nf3 g6 3. Bg5 Bg7 4. c3 h6 5. Bh4 d6 6. Nbd2 g5 7. Bg3 Nh5 8. e4 Nd7 9. Bc4 Nxg3 10. hxg3 c5 11. Qe2 O-O 12. e5 Nb6 13. Bb3 Bf5 14.
dxc5 dxc5 15. Ne4 Rc8 16. Nfd2 Bg6 17. O-O-O Qc7 18. f4 c4 19. Bc2 gxf4 20. gxf4 Qc6 21. g4 Bxe4 22. Bxe4 Qa4 23. Bc2 Qxa2 24. Qe4 Qa1+ 25.
Nb1 f5 26. exf6 exf6 27. Qh7+ Kf7 28. Qg6+ Kg8 29. Rxh6 1-0

[Event "*** SCC Grand Prix: Titled Tuesday Blitz"]
[Site "Chess.com"]
[Date "2020.06.02"]
[Round "1"]
[White "JozefKneht"]
[Black "Bhagya_2312"]
[Result "0-1"]
[WhiteElo "2499"]
[BlackElo "2141"]
[TimeControl "180+1"]
[EndTime "10:06:45 PDT"]
[Termination "Bhagya_2312 won by checkmate"]

1. e4 c6 2. d4 d5 3. Nc3 dxe4 4. Nxe4 Nd7 5. Bc4 Ngf6 6. Ng5 e6 7. Qe2 Nb6 8. Bd3 Bd6 9. N1f3 h6 10. Ne4 Nxe4 11. Qxe4 Qc7 12. O-O Nd5 13. c3 Nf6 14. Qe2 O-O 15.
Re1 c5 16. dxc5 Bxc5 17. Ne5 Bd6 18. Bf4 b6 19. Rad1 Bb7 20. Bc2 Rad8 21. Bg3 Bd5 22. c4 Bb7 23. b3 a5 24. Rd4 Qc5 25. Red1 Be7 26. Rxd8 Rxd8 27. Rxd8+ Bxd8 28. h3 Bc7 29. Kh2 Bd6 30. f4 Qd4 31. Bd3 Bc5 32. h4 Qg1+ 33.
Kh3 Qh1+ 34. Bh2 Bg1 35. g3 Bxh2 36. Qxh2 Bg2# 0-1

[Event "*** SCC Grand Prix: Titled Tuesday Blitz"]
[Site "Chess.com"]
[Date "2020.06.02"]
[Round "1"]
[White "Cocaino74"]
[Black "kleinebeer98"]
[Result "0-1"]
[WhiteElo "2332"]
[BlackElo "2669"]
[TimeControl "180+1"]
[EndTime "10:06:46 PDT"]
[Termination "kleinebeer98 won by resignation"]

1. e4 e5 2. Nf3 Nc6 3. Bc4 Nf6 4. Ng5 d5 5. exd5 Na5 6. Bb5+ Bd7 7. Qe2 Be7 8. Nc3 O-O 9. Bxd7 Qxd7 10. Nf3 e4 11.
Nxe4 Nxd5 12. d3 Rae8 13. O-O f5 14. Nc3 Bb4 15. Qd2 Nc6 16. a3 Bc5 17. Nxd5 Qxd5 18. Qf4 Bd6 19. Qc4 Qxc4 20. dxc4 Re2 21. c3 Rfe8 22. Rb1 h6 23. g3 Kf7 24. Kg2 a5 25.
h4 a4 26. Be3 R8xe3 27. Ng1 Rc2 28. Kh3 Re6 29. Nf3 Bc5 30. Kg2 Ree2 31. Kh3 Rxf2 32. Rxf2 Rxf2 33. Ne1 Ne5 34. Ng2 Ng4 35. Rd1 Rxg2 36.
Rd7+ Ke6 0-1

[Event "*** SCC Grand Prix: Titled Tuesday Blitz"]
[Site "Chess.com"]
[Date "2020.06.02"]
[Round "1"]
[White "pavelalexandru07"]
[Black "karinachess1"]
[Result "0-1"]
[WhiteElo "2107"]
[BlackElo "2507"]
[TimeControl "180+1"]
[EndTime "10:06:47 PDT"]
[Termination "karinachess1 won on time"]

1. e4 c5 2. Nf3 e6 3. d4 cxd4 4. Nxd4 a6 5. c4 Nf6 6. Nc3 Bb4 7. Qd3 Qc7 8. a3 Be7 9. Be2 Nc6 10. Be3 Ne5 11. Qd1 h5 12. f3 b6 13. O-O Bb7 14. Qd2 h4 15. b4 Rc8 16. Rfc1 h3 17. g3 Qb8 18. Na4 Bd8 19. Kf2 O-O 20. Nb3 Bxe4 21. Bf4 Bc7 22. Qe3 Bxf3 23. Bxe5 Bxe5 24.
Bxf3 Bxa1 25. Rxa1 Rxc4 0-1

[Event "*** SCC Grand Prix: Titled Tuesday Blitz"]
[Site "Chess.com"]
[Date "2020.06.02"]
[Round "1"]
[White "RobPeresian"]
[Black "c63_amg"]
[Result "1-0"]
[WhiteElo "2380"]
[BlackElo "2706"]
[TimeControl "180+1"]
[EndTime "10:06:48 PDT"]
[Termination "RobPeresian won on time"]

1. Nf3 Nf6 2. c4 e6 3. Nc3 d5 4. d4 a6 5. cxd5 exd5 6. Bg5 Be6 7. e3 Nbd7 8. Qc2 h6 9. Bf4 g5 10. Bg3 Nh5 11. Bd3 Nxg3 12. hxg3 Bg7 13. O-O O-O 14. e4 dxe4 15. Bxe4 c6 16. d5 cxd5 17. Bxd5 Bxd5 18. Nxd5 Nf6 19. Ne3 Rc8 20. Qb3 Qc7 21. Nd4 Ne4 22. Ndf5 Nd2 23. Qa3 Nxf1 24. Nd5 Qc5 25.
Nde7+ Kh8 26. Qd3 Rcd8 27. Qxf1 Rfe8 28. Re1 Bf6 29. Qe2 Bxe7 30. Nxe7 Kg7 31. Qe4 Kf8 32.
Qh7 1-0

[Event "*** SCC Grand Prix: Titled Tuesday Blitz"]
[Site "Chess.com"]
[Date "2020.06.02"]
[Round "1"]
[White "FMJoseHerrera"]
[Black "The_Machine04"]
[Result "1-0"]
[WhiteElo "2639"]
[BlackElo "2301"]
[TimeControl "180+1"]
[EndTime "10:06:48 PDT"]
[Termination "FMJoseHerrera won on time"]

1. Nf3 Nf6 2. g3 d5 3. Bg2 Nbd7 4. d3 e5 5. O-O Bc5 6. Nxe5 Nxe5 7. d4 Bd6 8. dxe5 Bxe5 9. Nc3 c6 10. e4 Bxc3 11. bxc3 Nxe4 12. Ba3 Nd6 13. c4 Nxc4 14. Qd4 Nxa3 15.
Qxg7 Rf8 16. f4 Nxc2 17. Rac1 Qb6+ 18. Kh1 Ne3 19. Qe5+ Kd8 20. Rfe1 d4 21. Qd6+ Ke8 22. Rc5 Be6 23. Rxc6 Qd8 24. Qc5 Nxg2 25. Rcxe6+ 1-0

[Event "*** SCC Grand Prix: Titled Tuesday Blitz"]
[Site "Chess.com"]
[Date "2020.06.02"]
[Round "1"]
[White "Konavets"]
[Black "GianmarcoVaR"]
[Result "1-0"]
[WhiteElo "2970"]
[BlackElo "2448"]
[TimeControl "180+1"]
[EndTime "10:06:49 PDT"]
[Termination "Konavets won on time"]

1. e4 c5 2. Nf3 d6 3. c3 Nf6 4. h3 g6 5. Bd3 Bg7 6. O-O O-O 7.
Bc2 c4 8. b3 Qc7 9. bxc4 Qxc4 10. d4 Qc7 11. Re1 Nc6 12. Nbd2 Bd7 13. Rb1 Rac8 14.
Bd3 Rfd8 15. Ba3 Be8 16. Nf1 Na5 17. Bb4 Nc4 18. Ne3 Bb5 19. a4 Nxe3 20. Rxe3 Bxd3 21. Qxd3 Qc4 22. Qd1 b6 23. a5 bxa5 24. Bxa5 Rd7 25. Nd2 Qa6 26. Bb4 Qc6 27. Ra1 Rb7 28. Qe2 Bh6 29. d5 Qc7 30. Rd3 Bg7 31. Nb3 Nd7 32. Nd4 Ne5 33. Rdd1 Rcb8 34. Ra6 Nd7 35. Nc6 Re8 36.
Ba5 Qc8 37. Nxa7 Qa8 38. Nc6 1-0

[Event "*** SCC Grand Prix: Titled Tuesday Blitz"]
[Site "Chess.com"]
[Date "2020.06.02"]
[Round "1"]
[White "Zurability"]
[Black "MF1966Idrisov"]
[Result "1-0"]
[WhiteElo "2715"]
[BlackElo "2357"]
[TimeControl "180+1"]
[EndTime "10:06:50 PDT"]
[Termination "Zurability won by resignation"]

1. Nf3 d6 2. d4 f5 3. g3 Nf6 4. Bg2 e6 5. O-O Be7 6. b3 O-O 7. Bb2 Ne4 8. Nbd2 Bf6 9. c4 Nc6 10. e3 Nxd2 11. Qxd2 e5 12. dxe5 dxe5 13. Qd5+ Kh8 14.
Rfd1 Qe7 15. Qd2 Be6 16. a3 Rad8 17. Qc2 e4 18. Nd4 Nxd4 19. exd4 c6 20. a4 Rd7 21.
Ba3 Qf7 22. Bxf8 Qxf8 23. d5 cxd5 24. cxd5 Bxa1 25. dxe6 Rxd1+ 26. Qxd1 Bf6 27. Qd5 g6 28. Qxb7 Qe7 29. Qd5 Kg7 30. Bf1 Bc3 31. Bc4 Kf6 32. a5 Be5 33. g4 Qd6 34. Qb7 Bxh2+ 35. Kg2 Qc7 36. Qa8 Qb8 37. Qc6 Bd6 38. Qd7 Be7 39.
g5+ Kxg5 40. Qxe7+ Kf4 41. Qd7 e3 42. e7 1-0

[Event "*** SCC Grand Prix: Titled Tuesday Blitz"]
[Site "Chess.com"]
[Date "2020.06.02"]
[Round "1"]
[White "Anton_Demchenko"]
[Black "Future2700"]
[Result "1-0"]
[WhiteElo "2848"]
[BlackElo "2420"]
[TimeControl "180+1"]
[EndTime "10:06:51 PDT"]
[Termination "Anton_Demchenko won by checkmate"]

1. d4 Nf6 2. Nf3 e6 3. Bf4 b6 4. e3 Bb7 5. Bd3 g6 6. c4 Bg7 7. Nc3 Qe7 8. Qe2 d6 9. Bg3 Nbd7 10. O-O-O O-O-O 11. Kb1 Kb8 12. Qc2 h6 13. h3 e5 14.
d5 Nh5 15. e4 Rhf8 16. Bh2 Nf4 17. Bf1 f5 18. Nd2 Nc5 19. f3 Bc8 20. b4 Nd7 21. Nb3 fxe4 22. fxe4 Nf6 23. c5 dxc5 24. bxc5 bxc5 25.
Bg1 Nd7 26. Na4 Nh5 27. Naxc5 Nb6 28. Na5 Qg5 29. Nc6+ Ka8 30. Bh2 Rde8 31. Bb5 Ng3 32. Bxg3 Qxg3 33. Rd3 Qf2 34. Rc1 Qxc2+ 35. Rxc2 Rf1+ 36.
Kb2 Ref8 37. Ra3 a6 38. Bxa6 Bxa6 39. Rxa6# 1-0

[Event "*** SCC Grand Prix: Titled Tuesday Blitz"]
[Site "Chess.com"]
[Date "2020.06.02"]
[Round "1"]
[White "Boudicca64"]
[Black "DvaHrasta"]
[Result "0-1"]
[WhiteElo "1990"]
[BlackElo "2471"]
[TimeControl "180+1"]
[EndTime "10:06:51 PDT"]
[Termination "DvaHrasta won on time"]

1. e4 c6 2. d4 d5 3. e5 c5 4. dxc5 e6 5. Be3 Ne7 6. f4 Nf5 7. Bf2 d4 8. g4 Qa5+ 9. Qd2 Qxd2+ 10. Nxd2 Ne3 11. Bxe3 dxe3 12. Ne4 Bd7 13. Bg2 Nc6 14. O-O-O Rc8 15. Ne2 Nb4 16. a3 Na6 17. b4 b6 18.
Nd6+ Bxd6 19. cxd6 f6 0-1